 Dungeon Crawl Stone Soup version 0.21.1-1-g345015fe64 (webtiles) character file.

9718 maxonian the Arsonist (level 11, 0/75 HPs)
             Began as an Octopode Fighter on Feb 14, 2018.
             Was an Initiate of Fedhas.
             Slain by a seven-headed hydra (9 damage)
             ... on level 1 of the Lair of Beasts.
             The game lasted 01:38:33 (20807 turns).

maxonian the Arsonist (Octopode Fighter)           Turns: 20807, Time: 01:38:33

Health: 0/75       AC:  1    Str: 17    XL:     11   Next: 50%
Magic:  20/28      EV: 14    Int: 13    God:    Fedhas [......]
Gold:   110        SH:  5    Dex: 11    Spells: 4/21 levels left

rFire    . . .     SeeInvis .   a - +5 dagger "Babiqud" {pain, rN+}
rCold    . . .     Gourm    .   w - +0 buckler
rNeg     + . .     Faith    .   (helmet restricted)
rPois    .         Spirit   .   (no amulet)
rElec    .         Reflect  .   O - ring of magical power
rCorr    .         Harm     .   (no ring)
MR       .....                  (no ring)
Stlth    +++.......             (no ring)
HPRegen  0.22/turn              (no ring)
MPRegen  0.21/turn              (no ring)
                                (no ring)
                                (no ring)

@: no status effects
A: almost no armour, stealthy swim, amphibious, 8 rings, constrict 8, camouflage
1, gelatinous body 1
a: Fungal Bloom, Renounce Religion


You were on level 1 of the Lair of Beasts.
You worshipped Fedhas.
Fedhas was noncommittal.
You were not hungry.

You visited 2 branches of the dungeon, and saw 12 of its levels.

You collected 689 gold pieces.
You spent 579 gold pieces at shops.

Inventory:

Hand Weapons
 a - the +5 dagger "Babiqud" (weapon) {pain, rN+}
   (You found it on level 9 of the Dungeon)

   In the hands of one skilled in necromantic magic, it inflicts extra damage on
   living creatures.
   It protects you from negative energy.
 b - a +0 hunting sling
   (You found it on level 2 of the Dungeon)
 m - a +0 shortbow of freezing
   (You took it off a centaur on level 6 of the Dungeon)
 G - a +0 whip of flaming
   (You took it off Pikel on level 5 of the Dungeon)
 H - a +0 trident
   (You took it off an orc on level 6 of the Dungeon)
 I - a +3 falchion of slicing
   (You took it off Robin on level 4 of the Dungeon)
 Q - the +3 mace of Mourning {flame, rPois rF+}
   (You bought it in a shop on level 9 of the Dungeon)

   It has been specially enchanted to burn those struck by it, causing extra
   injury to most foes and up to half again as much damage against particularly
   susceptible opponents.
   It protects you from fire.
   It protects you from poison.
 S - a +5 halberd
   (You took it off a wight on level 10 of the Dungeon)
Missiles
 e - 354 stones (quivered)
 k - 93 poisoned needles
 n - 105 arrows
 p - 11 curare-tipped needles
 C - 143 sling bullets
 E - 59 bolts
 F - a throwing net
 M - 10 tomahawks
 U - 4 needles of confusion
 W - 4 javelins
Armour
 w - a +0 buckler (worn)
   (You took it off a gnoll sergeant on level 11 of the Dungeon)
 B - a +0 shield
Jewellery
 O - a ring of magical power (left tentacle)
   (You found it on level 9 of the Dungeon)
Wands
 t - a wand of iceblast (8)
   (You found it on level 2 of the Dungeon)
 x - a wand of acid (4)
   (You found it on level 3 of the Dungeon)
 z - a wand of paralysis (8)
   (You found it on level 6 of the Dungeon)
 V - a wand of disintegration (6)
   (You took it off a crimson imp on level 11 of the Dungeon)
 X - a wand of polymorph (14)
   (You found it on level 3 of the Dungeon)
Scrolls
 h - 8 scrolls of identify
 i - a scroll of enchant weapon
 j - a scroll of magic mapping
 l - 4 scrolls of remove curse
 o - 2 scrolls of blinking {unknown}
 s - a scroll of noise {unknown}
 v - 2 scrolls of teleportation
 y - 2 scrolls of immolation {unknown}
 D - 4 scrolls of amnesia {unknown}
 K - 2 scrolls of enchant armour {unknown}
 R - a scroll of acquirement {unknown}
Potions
 d - 4 potions of brilliance {unknown}
 f - 3 potions of lignification {unknown}
 g - a potion of mutation {unknown}
 r - 4 potions of haste {unknown}
 u - a potion of resistance {unknown}
 A - a potion of cancellation {unknown}
 J - a potion of degeneration {unknown}
 L - a potion of curing
 T - a potion of heal wounds
Books
 q - a book of Necromancy
   (You found it on level 3 of the Dungeon)

   Spells                             Type                      Level
   a - Pain                           Necromancy                   1
   b - Animate Skeleton               Necromancy                   1
   c - Vampiric Draining              Necromancy                   3
   d - Regeneration                   Charms/Necromancy            3
   e - Animate Dead                   Necromancy                   4
   f - Borgnjor's Vile Clutch         Necromancy/Earth             5
 N - a book of Flames
   (You found it on level 9 of the Dungeon)

   Spells                             Type                      Level
   a - Flame Tongue                   Conjuration/Fire             1
   b - Throw Flame                    Conjuration/Fire             2
   c - Conjure Flame                  Conjuration/Fire             3
   d - Inner Flame                    Hexes/Fire                   3
   e - Sticky Flame                   Conjuration/Fire             4
   f - Fireball                       Conjuration/Fire             5
 P - a Young Poisoner's Handbook
   (You found it on level 9 of the Dungeon)

   Spells                             Type                      Level
   a - Sting                          Conjuration/Poison           1
   b - Poisonous Vapours              Poison/Air                   2
   c - Mephitic Cloud                 Conjuration/Poison/Air       3
   d - Olgreb's Toxic Radiance        Poison                       4
   e - Venom Bolt                     Conjuration/Poison           5
Comestibles
 c - 9 rations


   Skills:
 - Level 7.0 Fighting
 - Level 4.0 Dodging
 - Level 2.0 Stealth
 - Level 6.1 Shields
 - Level 3.3 Unarmed Combat
 - Level 5.8 Spellcasting
 - Level 8.4 Conjurations
 - Level 6.4 Necromancy
 - Level 8.5 Fire Magic
 + Level 0.0 Invocations


You had 4 spell levels left.
You knew the following spells:

 Your Spells              Type           Power        Failure   Level  Hunger
a - Pain                  Necr           ###.         1%          1    None
b - Conjure Flame         Conj/Fire      ####....     1%          3    ###....
c - Sticky Flame          Conj/Fire      ####....     4%          4    ####...
d - Regeneration          Chrm/Necr      ##........   14%         3    ###....
e - Animate Skeleton      Necr           N/A          1%          1    None
f - Borgnjor's Vile Clut  Necr/Erth      ##........   77%         5    ######.


Dungeon Overview and Level Annotations

Branches:
Dungeon (11/15)            Temple (0/1) D:7            Lair (1/6) D:10
    Orc (0/2) D:9

Altars:
Cheibriados
Fedhas
Nemelex Xobeh
Okawaru
Xom
Yredelemnul
The Shining One

Shops:
D:9 (

Annotations:
D:2 exclusion: downstairs
D:3 exclusion: downstairs
D:4 exclusions: 2 downstairs and upstairs, BrokenGlass's ghost, amateur OpFi
D:8 Erica


Innate Abilities, Weirdness & Mutations

You cannot wear most types of armour.
You are very stealthy in the water. (Stealth+)
You are amphibious.
You can wear up to eight rings at the same time.
You can use your tentacles to constrict eight enemies at once.
Your skin changes colour to match your surroundings (Stealth+).
Your rubbery body absorbs attacks. (AC +1, EV +1)


Message History

Okay, then.
The seven-headed hydra burns!
The seven-headed hydra bites your wandering mushroom! x2
The seven-headed hydra bites your wandering mushroom but does no damage.
The seven-headed hydra bites your wandering mushroom!
Your wandering mushroom is destroyed!
You feel a little guilty.
The seven-headed hydra bites the fungus! x2
The seven-headed hydra bites the fungus.
Casting: Pain
Confirm with . or Enter, or press ? or * to list all spells.
Aiming: Pain
Press: ? - help, Shift-Dir - straight line, f - seven-headed hydra
Aim: a seven-headed hydra (severely wounded, covered in liquid flames, hasn't noticed you, chance to defeat MR: 48%)
The seven-headed hydra roars!
The seven-headed hydra writhes in agony!
The seven-headed hydra burns!
Unknown command.
Unknown command.
Unknown command.
Casting: Pain
Confirm with . or Enter, or press ? or * to list all spells.
Aiming: Pain
Press: ? - help, Shift-Dir - straight line, f/p - seven-headed hydra
Aim: a seven-headed hydra (severely wounded, covered in liquid flames, chance to defeat MR: 48%)
The seven-headed hydra writhes in agony!
The seven-headed hydra burns!
Unknown command.
Casting: Pain
Confirm with . or Enter, or press ? or * to list all spells.
Aiming: Pain
Press: ? - help, Shift-Dir - straight line, f/p - seven-headed hydra
Aim: a seven-headed hydra (almost dead, covered in liquid flames, chance to defeat MR: 48%)
The seven-headed hydra resists with some effort.
The seven-headed hydra burns!
Unknown command.
Casting: Pain
Confirm with . or Enter, or press ? or * to list all spells.
Aiming: Pain
Press: ? - help, Shift-Dir - straight line, f/p - seven-headed hydra
Aim: a seven-headed hydra (almost dead, covered in liquid flames, chance to defeat MR: 48%)
The seven-headed hydra resists with some effort.
The seven-headed hydra burns!
The seven-headed hydra stops burning.
The seven-headed hydra bites you!
* * * LOW HITPOINT WARNING * * *
The seven-headed hydra bites you!
* * * LOW HITPOINT WARNING * * *
The seven-headed hydra bites you!
You die...
Fedhas appreciates your contribution to the ecosystem.

#... #... .
#..######.#
#..P.......
#..........
#..........
#..#.......
#D.#.......
#@.#.......
#..#.......
#..#.......
#.<#.P#..##
#..........
#..........
#..........
#P.####+#.#P
##. #


You could see a seven-headed hydra.

Vanquished Creatures
  3 two-headed ogres
  Pikel (D:5)
  A deep elf mage (D:10)
  A gargoyle (D:10)
  The ghost of BrokenGlass the Martial Artist, a novice OpFi (D:5)
  A yaktaur (D:11)
  A komodo dragon (D:11)
  Grinder (D:5)
  A hippogriff (D:11)
  6 yaks
  A hungry ghost (D:11)
  3 orc warriors
  A sky beast (D:9)
  2 black bears (D:10)
  4 ogres
  2 slaves (D:5)
  2 ice beasts
  3 phantoms
  2 centaurs (D:6)
  Blork the orc (D:5)
  12 bullfrogs
  A gnoll sergeant (D:11)
  3 scorpions
  3 wights (D:10)
  A howler monkey (D:4)
  A centaur zombie (D:10)
  4 crimson imps
  3 hounds
  A quasit (D:7)
  A bullfrog zombie (D:7)
  4 orc priests
  A jelly (D:11)
  2 centaur skeletons
  3 iguanas
  Ijyb (D:5)
  8 orc wizards
  8 worker ants
  A killer bee zombie (D:5)
  A hound skeleton (D:4)
  A worker ant zombie (D:8)
  15 gnolls
  Robin (D:4)
  17 adders
  A river rat (D:5)
  5 shadow imps
  2 adder skeletons
  4 worms
  2 dart slugs
  5 leopard geckos
  32 orcs
  6 bats
  8 giant cockroaches
  22 goblins
  10 hobgoblins
  9 jackals (D:5)
  7 quokkas
  7 frilled lizards
  9 kobolds
  A quokka skeleton (D:4)
  11 rats
272 creatures vanquished.

Vanquished Creatures (others)
  A wandering mushroom (Lair:1)
  A slave (D:5)
  An orc (D:8)
  31 toadstools
34 creatures vanquished.

Grand Total: 306 creatures vanquished

Notes
Turn   | Place    | Note
-------+----------+-------------------------------------------
     0 | D:1      | maxonian the Octopode Fighter began the quest for the Orb.
     0 | D:1      | Reached XP level 1. HP: 16/16 MP: 1/1
   289 | D:1      | Reached XP level 2. HP: 21/21 MP: 2/2
  1147 | D:1      | Reached XP level 3. HP: 26/26 MP: 3/3
  1722 | D:2      | Reached XP level 4. HP: 31/31 MP: 4/4
  1815 | D:2      | Reached skill level 1 in Stealth
  2287 | D:3      | Reached XP level 5. HP: 16/37 MP: 5/5
  2602 | D:3      | Learned a level 1 spell: Animate Skeleton
  2961 | D:4      | Noticed an ogre
  2988 | D:4      | Noticed Robin
  3327 | D:4      | Noticed BrokenGlass's ghost (amateur OpFi)
  3343 | D:4      | Noticed a phantom
  3947 | D:4      | Reached XP level 6. HP: 42/43 MP: 6/6
  4392 | D:5      | Entered Level 5 of the Dungeon
  4523 | D:4      | Reached skill level 1 in Necromancy
  4525 | D:4      | Reached skill level 1 in Spellcasting
  4782 | D:5      | Noticed Grinder
  4967 | D:5      | Learned a level 1 spell: Pain
  5106 | D:5      | Noticed BrokenGlass's ghost (novice OpFi)
  5131 | D:4      | Reached XP level 7. HP: 39/49 MP: 8/10
  5212 | D:4      | Killed Robin
  5779 | D:5      | Reached skill level 5 in Fighting
  6949 | D:6      | Reached XP level 8. HP: 56/56 MP: 12/12
  8071 | D:5      | Noticed Pikel
  8642 | D:6      | Found an iron altar of Okawaru.
  8718 | D:6      | Reached skill level 5 in Necromancy
  9120 | D:6      | Reached skill level 5 in Spellcasting
  9204 | D:6      | Reached XP level 9. HP: 46/62 MP: 16/16
 10080 | D:7      | Found a blossoming altar of Fedhas.
 10086 | D:7      | Became a worshipper of Fedhas Madash
 10211 | D:7      | Found a sparkling altar of Nemelex Xobeh.
 10227 | D:7      | Learned a level 5 spell: Borgnjor's Vile Clutch
 10231 | D:7      | Learned a level 3 spell: Regeneration
 11116 | D:7      | Found a staircase to the Ecumenical Temple.
 11307 | D:8      | Found a glowing golden altar of the Shining One.
 12024 | D:8      | Noticed Erica
 12079 | D:8      | Reached skill level 5 in Shields
 12732 | D:9      | Found a staircase to the Orcish Mines.
 12734 | D:9      | Found Rottaka's Weapon Emporium.
 12768 | D:9      | Learned a level 3 spell: Conjure Flame
 12773 | D:9      | Learned a level 4 spell: Sticky Flame
 13509 | D:9      | Got a smoking dagger
 13512 | D:9      | Identified the +5 dagger "Babiqud" {pain, rN+} (You found it on level 9 of the Dungeon)
 13627 | D:9      | Found a snail-covered altar of Cheibriados.
 13636 | D:9      | Found a blossoming altar of Fedhas.
 13725 | D:10     | Entered Level 10 of the Dungeon
 13950 | D:10     | Noticed a gargoyle
 13990 | D:10     | Reached skill level 1 in Conjurations
 13990 | D:10     | Reached skill level 1 in Fire Magic
 14119 | D:9      | Bought the +3 mace of Mourning {flame, rPois rF+} for 579 gold pieces
 14613 | D:5      | Paralysed by Grinder for 4 turns
 14971 | D:5      | Killed Grinder
 15043 | D:5      | Killed Pikel
 15043 | D:5      | Reached XP level 10. HP: 45/71 MP: 18/18
 15248 | D:5      | Killed BrokenGlass's ghost
 15326 | D:5      | Noticed Blork the orc
 15341 | D:5      | Killed Blork the orc
 15346 | D:5      | Noticed Ijyb
 15447 | D:5      | Killed Ijyb
 15589 | D:5      | Found a shimmering altar of Xom.
 15589 | D:5      | Found a basalt altar of Yredelemnul.
 16218 | D:10     | Noticed a two-headed ogre
 16409 | D:10     | Killed a two-headed ogre
 16409 | D:10     | Reached skill level 5 in Conjurations
 16409 | D:10     | Reached skill level 5 in Fire Magic
 17410 | D:10     | Killed a gargoyle
 17671 | D:10     | Found a staircase to the Lair.
 17709 | Lair:1   | Entered Level 1 of the Lair of Beasts
 17710 | Lair:1   | Noticed a seven-headed hydra
 17982 | D:11     | Noticed a deep elf mage
 18835 | D:10     | Killed a deep elf mage
 18835 | D:10     | Reached XP level 11. HP: 51/75 MP: 19/19
 19112 | D:11     | Noticed a two-headed ogre
 19348 | D:11     | Killed a two-headed ogre
 19446 | D:11     | Noticed a two-headed ogre
 19452 | D:11     | Killed a two-headed ogre
 20283 | D:11     | Noticed a cyclops
 20546 | D:11     | Reached * piety under Fedhas
 20807 | Lair:1   | Slain by a seven-headed hydra

Skill      XL: |  1  2  3  4  5  6  7  8  9 10 11 |
---------------+----------------------------------+-----
Stealth        | 1 2 |  2.0
Unarmed Combat | 3 |  3.3
Fighting       | 4 5 6 7 |  7.0
Dodging        | 4 |  4.0
Shields        | 4 6 |  6.1
Necromancy     | 2 3 5 6 |  6.4
Spellcasting   | 2 3 5 |  5.8
Conjurations   | 3 6 8 |  8.4
Fire Magic     | 3 6 8 |  8.5

Action                   |  1- 3 |  4- 6 |  7- 9 | 10-12 || total
-------------------------+-------+-------+-------+-------++-------
Melee: Unarmed           |    70 |   119 |     2 |       ||   191
       Constrict         |    18 |    31 |    58 |    21 ||   128
       Tentacles         |    17 |    23 |    63 |    30 ||   133
       Punch             |       |     5 |     3 |     6 ||    14
       Falchion          |       |       |   161 |    11 ||   172
       Dagger            |       |       |    75 |   137 ||   212
 Fire: Hunting sling     |    31 |   150 |   195 |   157 ||   533
Throw: Stone             |    16 |     6 |     2 |     4 ||    28
 Cast: Pain              |       |       |    55 |    34 ||    89
       Conjure Flame     |       |       |       |    26 ||    26
       Sticky Flame      |       |       |       |     3 ||     3
       Regeneration      |       |       |       |     1 ||     1
Invok: Fungal Bloom      |       |       |    11 |     9 ||    20
       Evolution         |       |       |       |     1 ||     1
Evoke: Wand              |       |     1 |       |     3 ||     4
  Use: Potion            |       |     4 |     7 |       ||    11
       Scroll            |       |       |     7 |       ||     7
 Stab: Sleeping          |     3 |       |     3 |     4 ||    10
       Distracted        |       |       |     1 |       ||     1
       Paralysed         |       |       |       |     5 ||     5
  Eat: Chunk             |     2 |     8 |     9 |     5 ||    24
       Ration            |       |     1 |     7 |     4 ||    12
Armor: Skin              |     6 |     5 |    12 |     1 ||    24
Dodge: Dodged            |    28 |    57 |   132 |    64 ||   281
Block: Shield            |    27 |    58 |   123 |    63 ||   271
       Buckler           |       |       |       |     5 ||     5
       Rpst.: Falchion   |       |       |    28 |       ||    28
